3L
KINGSTON TOWNSHIP LEGION @ CAPITAL DISTRICT RED KNIGHTS
08/29/2028
 
TOP OF THE 1ST
Kingston Township Legion batting - Pitching for Capital District Red Knights : RHP Raúl Luna
Pitching: RHP Raúl Luna
Batting: LHB António González 0-0: Called Strike
0-1: Foul Ball, location: 2F
0-2: Ball
1-2: Foul Ball, location: 2F
1-2: Strikes out swinging
Batting: RHB José Icaza 0-0: Ball
1-0: Foul Ball, location: 2F
1-1: Swinging Strike
1-2: Ball
2-2: SINGLE (Groundball, 56D)
Batting: RHB EP Weston 0-0: Foul Ball, location: 2F
0-1: Called Strike
0-2: Ball
1-2: Ball
2-2: Fly out, F8 (Flyball, 8LS)
Batting: RHB Clarence Neal 0-0: Foul Ball, location: 2F
0-1: Ball
1-1: Called Strike
1-2: Strikes out looking
Top of the 1st over - 0 run(s), 1 hit(s), 0 error(s), 1 left on base; Kingston Township 0 - Capital District 0
BOTTOM OF THE 1ST
Capital District Red Knights batting - Pitching for Kingston Township Legion : RHP Jon Briddon
Pitching: RHP Jon Briddon
Batting: RHB Sergio Ortíz 0-0: Called Strike
0-1: Ball
1-1: Foul Ball, location: 2F
1-2: Ball
2-2: Foul Ball, location: 2F
2-2: Fly out, F4 (Popup, 4D)
Batting: LHB Francisco Sánchez 0-0: Called Strike
0-1: Ball
1-1: Called Strike
1-2: Ball
2-2: Ball
3-2: Foul Ball, location: 2F
3-2: Foul Ball, location: 2F
3-2: Ground out 6-3 (Groundball, 6M)
Batting: RHB Arnold Giroux 0-0: Ball
1-0: Ball
2-0: Foul Ball, location: 2F
2-1: Called Strike
2-2: Foul Ball, location: 2F
2-2: Foul Ball, location: 2F
2-2: Fly out, F7 (Flyball, 7S)
Bottom of the 1st over - 0 run(s), 0 hit(s), 0 error(s), 0 left on base; Kingston Township 0 - Capital District 0
TOP OF THE 2ND
Kingston Township Legion batting - Pitching for Capital District Red Knights : RHP Raúl Luna
Batting: RHB Jim Scott 0-0: Foul Ball, location: 2F
0-1: Foul Ball, location: 2F
0-2: Ball
1-2: Strikes out looking
Batting: RHB Dani Trejo 0-0: Foul Ball, location: 2F
0-1: Foul Ball, location: 2F
0-2: Ball
1-2: DOUBLE (Flyball, 89D)
Batting: RHB Alfredo Cardenas 0-0: Ball
1-0: Ball
2-0: Foul Ball, location: 2F
2-1: Called Strike
2-2: Fly out, F8 (Flyball, 8RM)
Batting: RHB Júlio Rodríguez 0-0: Ball
1-0: Ball
2-0: Called Strike
2-1: Ball
3-1: Foul Ball, location: 2F
3-2: Foul Ball, location: 2F
3-2: SINGLE (Line Drive, 8RS)
Dani Trejo to third
Dani Trejo scores
Batting: LHB Tommy Sullivan 0-0: Called Strike
0-1: Ball
1-1: Ground out 4-3 (Groundball, 34)
Top of the 2nd over - 1 run(s), 2 hit(s), 0 error(s), 1 left on base; Kingston Township 1 - Capital District 0
BOTTOM OF THE 2ND
Capital District Red Knights batting - Pitching for Kingston Township Legion : RHP Jon Briddon
Batting: RHB Pedro Álvarez 0-0: Ball
1-0: Ball
2-0: Ball
3-0: Called Strike
3-1: Ground out 6-3 (Groundball, 6)
Batting: RHB José Paz 0-0: Ball
1-0: Ball
2-0: Swinging Strike
2-1: Ball
3-1: Base on Balls
Batting: RHB Alfonso Enríquez 0-0: Swinging Strike
0-1: Ball
1-1: Ball
2-1: Ball
3-1: Foul Ball, location: 2F
3-2: Foul Ball, location: 2F
3-2: Base on Balls
José Paz to second
Batting: RHB Danilo Mosca 0-0: Called Strike
0-1: Called Strike
0-2: Foul Ball, location: 2F
0-2: Foul Ball, location: 2F
0-2: Strikes out swinging
Batting: RHB Barry Dempsey 0-0: Ball
1-0: Foul Ball, location: 2F
1-1: Swinging Strike
1-2: Foul Ball, location: 2F
1-2: Ball
2-2: Strikes out looking
Bottom of the 2nd over - 0 run(s), 0 hit(s), 0 error(s), 2 left on base; Kingston Township 1 - Capital District 0
TOP OF THE 3RD
Kingston Township Legion batting - Pitching for Capital District Red Knights : RHP Raúl Luna
Batting: LHB António González 0-0: Ball
1-0: Ball
2-0: Called Strike
2-1: Swinging Strike
2-2: Strikes out swinging
Batting: RHB José Icaza 0-0: Ball
1-0: Called Strike
1-1: Ground out 6-3 (Groundball, 6)
Batting: RHB EP Weston 0-0: Foul Ball, location: 2F
0-1: Swinging Strike
0-2: Ball
1-2: Fly out, F7 (Line Drive, 7D)
Top of the 3rd over - 0 run(s), 0 hit(s), 0 error(s), 0 left on base; Kingston Township 1 - Capital District 0
BOTTOM OF THE 3RD
Capital District Red Knights batting - Pitching for Kingston Township Legion : RHP Jon Briddon
Batting: RHB Leo Cadden 0-0: Ball
1-0: Ball
2-0: Ball
3-0: Called Strike
3-1: Called Strike
3-2: Foul Ball, location: 2F
3-2: Foul Ball, location: 2F
3-2: Ground out 5-3 (Groundball, 5L)
Batting: RHB Sergio Ortíz 0-0: Ball
1-0: Ball
2-0: Swinging Strike
2-1: Called Strike
2-2: Ball
3-2: Fly out, F8 (Flyball, 8RS)
Batting: LHB Francisco Sánchez 0-0: Fly out, F9 (Flyball, 9LS)
Bottom of the 3rd over - 0 run(s), 0 hit(s), 0 error(s), 0 left on base; Kingston Township 1 - Capital District 0
TOP OF THE 4TH
Kingston Township Legion batting - Pitching for Capital District Red Knights : RHP Raúl Luna
Batting: RHB Clarence Neal 0-0: Ball
1-0: Called Strike
1-1: Ball
2-1: Foul Ball, location: 2F
2-2: Fly out, F3 (Popup, 3L)
Batting: RHB Jim Scott 0-0: Ball
1-0: Ball
2-0: Ground out 4-3 (Groundball, 4)
Batting: RHB Dani Trejo 0-0: Ball
1-0: Foul Ball, location: 2F
1-1: Swinging Strike
1-2: Ball
2-2: Foul Ball, location: 2F
2-2: Ball
3-2: Strikes out swinging
Top of the 4th over - 0 run(s), 0 hit(s), 0 error(s), 0 left on base; Kingston Township 1 - Capital District 0
BOTTOM OF THE 4TH
Capital District Red Knights batting - Pitching for Kingston Township Legion : RHP Jon Briddon
Batting: RHB Arnold Giroux 0-0: Called Strike
0-1: Ball
1-1: Ground out 6-3 (Groundball, 56)
Batting: RHB Pedro Álvarez 0-0: Ball
1-0: Ball
2-0: Ball
3-0: Base on Balls
Batting: RHB José Paz 0-0: Called Strike
0-1: Foul Ball, location: 2F
0-2: Foul Ball, location: 2F
0-2: Fly out, F8 (Flyball, 8RXD)
Batting: RHB Alfonso Enríquez 0-0: Swinging Strike
0-1: Ball
1-1: Foul Ball, location: 2F
1-2: Ball
2-2: Ball
3-2: Base on Balls
Pedro Álvarez to second
Batting: RHB Danilo Mosca 0-0: Ball
1-0: Called Strike
1-1: Ground out 5-3 (Groundball, 5S)
Bottom of the 4th over - 0 run(s), 0 hit(s), 0 error(s), 2 left on base; Kingston Township 1 - Capital District 0
TOP OF THE 5TH
Kingston Township Legion batting - Pitching for Capital District Red Knights : RHP Raúl Luna
Batting: RHB Alfredo Cardenas 0-0: Ball
1-0: Fly out, F8 (Flyball, 8LD)
Batting: RHB Júlio Rodríguez 0-0: Ball
1-0: Foul Ball, location: 2F
1-1: Ground out 4-3 (Groundball, 4)
Batting: LHB Tommy Sullivan 0-0: Ball
1-0: Ball
2-0: Fly out, F9 (Line Drive, 9)
Top of the 5th over - 0 run(s), 0 hit(s), 0 error(s), 0 left on base; Kingston Township 1 - Capital District 0
BOTTOM OF THE 5TH
Capital District Red Knights batting - Pitching for Kingston Township Legion : RHP Jon Briddon
Batting: RHB Barry Dempsey 0-0: Ball
1-0: Ball
2-0: Ball
3-0: Base on Balls
Batting: RHB Leo Cadden 0-0: Bunted foul
0-1: Ball
1-1: Bunted foul
1-2: Foul Ball, location: 2F
1-2: Foul Ball, location: 2F
1-2: Fly out, F7 (Line Drive, 7D)
Batting: RHB Sergio Ortíz 0-0: Fly out, F6 (Line Drive, 6MD)
Batting: LHB Francisco Sánchez 0-0: Ball
1-0: Called Strike
1-1: Ball
2-1: Foul Ball, location: 2F
2-2: Strikes out swinging
Bottom of the 5th over - 0 run(s), 0 hit(s), 0 error(s), 1 left on base; Kingston Township 1 - Capital District 0
TOP OF THE 6TH
Kingston Township Legion batting - Pitching for Capital District Red Knights : RHP Raúl Luna
Batting: LHB António González 0-0: SINGLE (Flyball, 7S)
Batting: RHB José Icaza 0-0: Ball
1-0: Ball
2-0: Sac Bunt - play at first, batter OUT! U3
António González to second
Batting: RHB EP Weston 0-0: Ground out 5-3 (Groundball, 56)
Batting: RHB Clarence Neal 0-0: DOUBLE (Line Drive, 7LM)
António González scores
Batting: RHB Jim Scott 0-0: Ball
1-0: Ball
2-0: Foul Ball, location: 2F
2-1: 2-RUN HOME RUN (Flyball, 89XD), Distance : 359 ft
Batting: RHB Dani Trejo 0-0: Ball
1-0: Ball
2-0: Ball
3-0: Base on Balls
Batting: RHB Alfredo Cardenas 0-0: Foul Ball, location: 2F
0-1: Ball
1-1: Called Strike
1-2: Ball
Dani Trejo steals 2nd base
2-2: Strikes out looking
Top of the 6th over - 3 run(s), 3 hit(s), 0 error(s), 1 left on base; Kingston Township 4 - Capital District 0
BOTTOM OF THE 6TH
Capital District Red Knights batting - Pitching for Kingston Township Legion : RHP Jon Briddon
Batting: RHB Arnold Giroux 0-0: Ball
1-0: Ball
2-0: SOLO HOME RUN (Flyball, 78XD), Distance : 373 ft
Batting: RHB Pedro Álvarez 0-0: Ball
1-0: Swinging Strike
1-1: Foul Ball, location: 2F
1-2: Ball
2-2: Ball
3-2: SINGLE (Line Drive, 6M)
Pitching: LHP Il-young Kim
Batting: RHB José Paz 0-0: Called Strike
0-1: Ball
1-1: Fly out, F4 (Popup, 34D)
Batting: RHB Alfonso Enríquez 0-0: Ball
1-0: Ball
2-0: Foul Ball, location: 2F
2-1: Ball
3-1: Ground out 5-3 (Groundball, 56S)
Pedro Álvarez to second
Batting: RHB Danilo Mosca 0-0: Ground out 5-3 (Groundball, 56)
Bottom of the 6th over - 1 run(s), 2 hit(s), 0 error(s), 1 left on base; Kingston Township 4 - Capital District 1
TOP OF THE 7TH
Kingston Township Legion batting - Pitching for Capital District Red Knights : RHP Raúl Luna
Batting: RHB Júlio Rodríguez 0-0: Foul Ball, location: 2F
0-1: Swinging Strike
0-2: Strikes out swinging
Batting: LHB Tommy Sullivan 0-0: Fly out, F7 (Flyball, 7)
Batting: LHB António González 0-0: Ball
1-0: SINGLE (Line Drive, 9LS)
Batting: RHB José Icaza 0-0: Called Strike
0-1: Ball
1-1: Ball
Wild Pitch!
António González to second
2-1: Ball
3-1: Ground out 5-3 (Groundball, 56)
Top of the 7th over - 0 run(s), 1 hit(s), 0 error(s), 1 left on base; Kingston Township 4 - Capital District 1
BOTTOM OF THE 7TH
Capital District Red Knights batting - Pitching for Kingston Township Legion : LHP Il-young Kim
Batting: RHB Barry Dempsey 0-0: Foul Ball, location: 2F
0-1: Called Strike
0-2: Foul Ball, location: 2F
0-2: Foul Ball, location: 2F
0-2: Ball
1-2: Ball
2-2: Foul Ball, location: 2F
Error on foul ball, E3
2-2: SINGLE (Groundball, 34D)
Batting: RHB Leo Cadden 0-0: Ball
1-0: Called Strike
1-1: Ball
2-1: Ball
3-1: Foul Ball, location: 2F
3-2: Base on Balls
Barry Dempsey to second
Batting: RHB Sergio Ortíz 0-0: Ball
1-0: Ball
2-0: Foul Ball, location: 2F
2-1: Ball
3-1: Base on Balls
Barry Dempsey to third
Leo Cadden to second
Pinch Hitting: RHB Brandon Cole 0-0: Called Strike
0-1: SINGLE (Groundball, 4MD)
Barry Dempsey scores
Leo Cadden to third
Sergio Ortíz to second
Runner from 3rd tries for Home, throw and OUT!
Batting: RHB Arnold Giroux 0-0: Fly out, F8 (Flyball, 8RD)
Runner from 2nd tags up, SAFE at 3rd, no throw
Batting: RHB Pedro Álvarez 0-0: Called Strike
0-1: Ball
1-1: Fly out, F5 (Popup, 5L)
Bottom of the 7th over - 1 run(s), 2 hit(s), 1 error(s), 2 left on base; Kingston Township 4 - Capital District 2
TOP OF THE 8TH
Kingston Township Legion batting - Pitching for Capital District Red Knights : RHP Raúl Luna
Now at 3B: Brandon Cole
Batting: RHB EP Weston 0-0: Ball
1-0: Called Strike
1-1: Ball
2-1: Ball
3-1: Fly out, F5 (Line Drive, 56)
Batting: RHB Clarence Neal 0-0: SOLO HOME RUN (Flyball, 78XD), Distance : 367 ft
Pitching: RHP Oswaldo Mobray
Batting: RHB Jim Scott 0-0: Ball
1-0: Reached on error, E6 (Groundball, 6S)
Batting: RHB Dani Trejo 0-0: Ball
1-0: Fly out, F8 (Flyball, 8RM)
Batting: RHB Alfredo Cardenas 0-0: Swinging Strike
Passed Ball!
Jim Scott to third
0-1: Called Strike
0-2: Ball
1-2: Ball
2-2: Strikes out swinging
Top of the 8th over - 1 run(s), 1 hit(s), 1 error(s), 1 left on base; Kingston Township 5 - Capital District 2
BOTTOM OF THE 8TH
Capital District Red Knights batting - Pitching for Kingston Township Legion : LHP Il-young Kim
Batting: RHB José Paz 0-0: SINGLE (Line Drive, 9S)
Pitching: RHP Yosuke Takahashi
Batting: RHB Alfonso Enríquez 0-0: Ball
1-0: Ball
2-0: Ball
3-0: Foul Ball, location: 2F
3-1: SINGLE (Groundball, 4D)
José Paz to second
Runner from 2nd tries for 3rd, SAFE, throw made to third
Batting: RHB Danilo Mosca 0-0: Called Strike
0-1: Called Strike
0-2: Strikes out looking
Batting: RHB Barry Dempsey 0-0: Ball
1-0: Ball
2-0: Foul Ball, location: 2F
2-1: SINGLE (Groundball, 6) (infield hit)
José Paz scores
Alfonso Enríquez to second
Pinch Hitting: LHB Marcos Deleón 0-0: Called Strike
0-1: Foul Ball, location: 2F
0-2: Foul Ball, location: 2F
0-2: Ball
1-2: Ball
2-2: SINGLE (Groundball, 6MD)
Alfonso Enríquez to third
Barry Dempsey to second
Runner from 3rd tries for Home, SAFE, no throw
Batting: RHB Sergio Ortíz 0-0: Foul Ball, location: 2F
0-1: Ball
1-1: Swinging Strike
1-2: Foul Ball, location: 2F
1-2: Strikes out swinging
Batting: RHB Brandon Cole 0-0: Called Strike
0-1: Called Strike
0-2: Ball
1-2: Ground out 5-3 (Groundball, 56S)
Bottom of the 8th over - 2 run(s), 4 hit(s), 0 error(s), 2 left on base; Kingston Township 5 - Capital District 4
TOP OF THE 9TH
Kingston Township Legion batting - Pitching for Capital District Red Knights : RHP Oswaldo Mobray
Now in RF: Arturo Hernández
Batting: RHB Júlio Rodríguez 0-0: Ball
1-0: Ball
2-0: Fly out, F9 (Flyball, 9LM)
Batting: LHB Tommy Sullivan 0-0: Swinging Strike
0-1: Ball
1-1: Foul Ball, location: 2F
1-2: Ball
2-2: Strikes out swinging, 2-3 out at first.
Batting: LHB António González 0-0: Ball
1-0: Ball
2-0: Called Strike
2-1: SINGLE (Groundball, 4D)
Batting: RHB José Icaza 0-0: Ball
António González steals 2nd base
1-0: Ball
2-0: Called Strike
2-1: Ball
3-1: Swinging Strike
3-2: Foul Ball, location: 2F
3-2: Strikes out swinging, 2-3 out at first.
Top of the 9th over - 0 run(s), 1 hit(s), 0 error(s), 1 left on base; Kingston Township 5 - Capital District 4
BOTTOM OF THE 9TH
Capital District Red Knights batting - Pitching for Kingston Township Legion : RHP Yosuke Takahashi
Pitching: RHP John Riggleman
Batting: RHB Arnold Giroux 0-0: Ball
1-0: Ball
2-0: Called Strike
2-1: Foul Ball, location: 2F
2-2: Ground out 5-3 (Groundball, 56)
Batting: RHB Pedro Álvarez 0-0: SINGLE (Line Drive, 6MD)
Batting: RHB José Paz 0-0: Ball
1-0: Called Strike
1-1: Ball
2-1: Fielders Choice at 2nd, 4-6 (Groundball, 4)
Batting: RHB Alfonso Enríquez 0-0: Called Strike
0-1: Ball
1-1: Ball
2-1: Called Strike
2-2: Ball
3-2: Strikes out looking
Bottom of the 9th over - 0 run(s), 1 hit(s), 0 error(s), 1 left on base; Kingston Township 5 - Capital District 4
Wednesday, August 30th, 2017 - OOTP Baseball 17.12 Build 75